 Dungeon Crawl Stone Soup version 0.31-a0-675-g238779eb0a (webtiles) character file.

Game seed: 8346586785233295822

110 qw the Shooter (level 4, -11/28 HPs)
             Began as a Gargoyle Hunter on Sept 5, 2023.
             Mangled by an ogre
             ... wielding a +0 giant spiked club
              (26 damage)
             ... on level 3 of the Dungeon.
             The game lasted 00:00:33 (1455 turns).

qw the Shooter (Gargoyle Hunter)                    Turns: 1455, Time: 00:00:33

Health: -11/28     AC: 10    Str: 15    XL:     4   Next: 91%
Magic:  4/4        EV: 11    Int:  9    God:
Gold:   99         SH:  0    Dex: 15    Spells: 3/3 levels left

rFire   . . .        d - +4 longbow (heavy)
rCold   . . .        (shield currently unavailable)
rNeg    + + .        b - +0 ring mail
rPois   inf          (no helmet)
rElec   +            f - +0 cloak
rCorr   .            (no gloves)
SInv    .            (no boots)
Will    .....        e - amulet of regeneration
Stlth   +            m - ring of positive energy
HPRegen 1.04/turn    (no ring)
MPRegen 0.09/turn

%: no passive effects
@: no status effects
A: sickness immunity, AC +3, negative energy resistance 1, electricity
resistance, torment resistance 1, petrification resistance
a: no special abilities


You were on level 3 of the Dungeon.
You visited 1 branch of the dungeon, and saw 3 of its levels.

You collected 99 gold pieces.


Innate Abilities, Weirdness & Mutations

You are immune to sickness and miasma.
Your stone body is resilient. (AC +3)
You are immune to poison.
You resist negative energy. (rN+)
You are resistant to electric shocks. (rElec)
You are resistant to unholy torment.
You are immune to petrification.


   Skills:
 - Level 3.0 Fighting
 + Level 5.3 Ranged Weapons
 - Level 1.9 Armour
 - Level 1.5 Dodging
 - Level 1.1 Stealth


You had 3 spell levels left.
You didn't know any spells.
Your spell library was empty.

Inventory:

Hand Weapons
 d - a +4 heavy longbow (weapon)
Armour
 b - a +0 ring mail (worn)
 f - a +0 cloak (worn)
Jewellery
 e - an amulet of regeneration (around neck)
 m - a ring of positive energy (left hand)
Scrolls
 a - a scroll of identify
 h - a scroll of teleportation
Potions
 c - a potion of enlightenment {unknown}
 g - a potion of degeneration {unknown}
 i - a potion of cancellation {unknown}
 n - 2 potions of curing

Dungeon Overview and Level Annotations

Branches:
Dungeon (3/15)

Altars:


Message History

An orc wizard comes into view. It is wielding a +0 dagger.
You shoot an arrow. The arrow barely misses the orc wizard.
The orc wizard casts a spell at you. You resist with some effort.
You shoot an arrow.
The arrow closely misses the orc wizard.
The orc wizard casts a spell.
The orc wizard flickers and vanishes!
Deactivating autopickup; reactivate with Ctrl-A.
You shoot an arrow.
Reactivating autopickup.
You feel a bit more experienced.
Your Armour skill increases to level 1!
Found a faded altar of an unknown god.
Things that are here:
a +0 whip of freezing; an orc corpse You see here a wand of polymorph (14).
There is a faded altar of an unknown god here.
Found a stone staircase leading down.
Found a stone staircase leading up.
Enter note: You now have 99 gold pieces (gained 13).
There is a stone staircase leading down here.
A hobgoblin comes into view.
You shoot an arrow. The arrow hits the hobgoblin!!
You kill the hobgoblin!
h - a scroll of teleportation
Found a leather armour.
An ogre comes into view. It is wielding a +0 giant spiked club.
The ogre shouts!
You shoot an arrow. The arrow barely misses the ogre.
You shoot an arrow. The arrow barely misses the ogre.
The ogre hits you with a +0 giant spiked club!
Ouch! That really hurt!
The ogre closely misses you.
You shoot an arrow. The arrow hits the ogre!!
The ogre is almost dead.
The ogre hits you with a +0 giant spiked club!!
Ouch! That really hurt!
You die...

#### ...# ########
##.# #......#
##.####.####.######
........##......@.#
##.####.##.#.####O#
##.# #.##.#.# .#
...# #....[.# .#
#### ######## .# #
.. # ######## .# #
#......# .# #
#.<....#


You could see an ogre.

Vanquished Creatures
  An orc wizard (D:3)
  2 gnolls (D:1)
  A worm (D:2)
  2 dart slugs
  2 orcs (D:3)
  6 bats
  6 endoplasms
  5 giant cockroaches
  6 goblins
  7 hobgoblins
  3 jackals (D:1)
  A quokka (D:1)
  2 ball pythons (D:2)
  A frilled lizard (D:1)
  2 kobolds (D:1)
  6 rats
53 creatures vanquished.

Notes
Turn   | Place    | Note
-------+----------+-------------------------------------------
     0 | D:1      | qw the Gargoyle Hunter began the quest for the Orb.
     0 | D:1      | Reached XP level 1. HP: 12/12 MP: 1/1
     0 | D:1      | 0 ||| qw: Version: 0.3-a-75-g829b12e
     0 | D:1      | 0 ||| qw: Game counter: 35
     0 | D:1      | 0 ||| qw: Melee chars always use a shield: true
     0 | D:1      | 0 ||| qw: God list: Okawaru
     0 | D:1      | 0 ||| qw: Allow faded altars: false
     0 | D:1      | 0 ||| qw: Do Orc after clearing Dungeon:15 true
     0 | D:1      | 0 ||| qw: Do second Lair branch before Depths: true
     0 | D:1      | 0 ||| qw: Lair rune preference: random
     0 | D:1      | 0 ||| qw: Goals: Normal
     0 | D:1      | 0 ||| PLANNING D:1-11
    31 | D:1      | Reached XP level 2. HP: 17/17 MP: 2/2
    75 | D:1      | Reached skill level 5 in Ranged Weapons
    75 | D:1      | Reached XP level 3. HP: 21/21 MP: 3/3
   482 | D:1      | Reached skill level 3 in Fighting
   508 | D:1      | 508 ||| UPGRADING to amulet of regeneration.
   513 | D:1      | 513 ||| UPGRADING to ring of positive energy.
   514 | D:1      | 514 ||| READING 3 scrolls labelled ELLUUPN FAOT.
   515 | D:1      | 515 ||| READING scroll labelled BONWIA OVVU.
   518 | D:1      | 518 ||| READING scroll labelled VATZUMI QU MOI.
   519 | D:1      | 519 ||| READING scroll labelled ATEOXZU YTTU.
   519 | D:1      | Identified a scroll of acquirement
   519 | D:1      | 519 ||| ACQUIRING +3 heavy longbow
   519 | D:1      | Acquired a +3 heavy longbow
   521 | D:1      | 521 ||| SWAPPING to +3 heavy longbow.
   522 | D:1      | 522 ||| DROPPING +0 shortbow.
   523 | D:1      | 523 ||| READING scroll labelled TYNGIH WARIX.
   524 | D:1      | 524 ||| READING 2 scrolls of identify.
   524 | D:1      | 524 ||| IDENTIFYING purple potion
   525 | D:1      | 525 ||| DROPPING scroll of butterflies.
   526 | D:1      | 526 ||| DROPPING potion of berserk rage.
   568 | D:2      | Reached XP level 4. HP: 28/28 MP: 4/4
   891 | D:2      | 891 ||| READING scroll of enchant weapon.
   891 | D:2      | 891 ||| ENCHANTING +3 heavy longbow.
  1204 | D:2      | 1204 ||| UPGRADING to +0 ring mail.
  1214 | D:2      | 1214 ||| DROPPING +0 leather armour.
  1215 | D:2      | 1215 ||| UPGRADING to +0 cloak.
  1220 | D:2      | 1220 ||| DRINKING 3 metallic inky potions.
  1348 | D:3      | Reached skill level 1 in Armour
  1351 | D:3      | Found a faded altar of an unknown god.
  1452 | D:3      | Noticed an ogre
  1455 | D:3      | Mangled by an ogre

Levels and vault maps discovered:
D:1:      saegor_arrival_simple_e, layout_basic, minmay_domino_4
D:2:      layout_loops_ring
D:3:      layout_loops_cross, ebering_ecumenical_altar_mist

Skill      XL: |  1  2  3  4 |
---------------+-------------+-----
Ranged Weapons | 5 |  5.3
Fighting       | 3 |  3.0
Armour         | 1 |  1.9
Dodging        | |  1.5
Stealth        | |  1.1

Action                     |  1- 3 |  4- 6 || total
---------------------------+-------+-------++-------
   Fire: Shortbow          |    66 |       ||    66
         Longbow           |     3 |    33 ||    36
    Use: Scroll            |     6 |     1 ||     7
         Potion            |       |     1 ||     1
 Armour: Leather armour    |    11 |     5 ||    16
         Ring mail         |       |     2 ||     2
  Dodge: Dodged            |    12 |     2 ||    14

Table legend:
 A = Non-vault XP
 B = Vault XP
 C = Vault XP percentage of total XP
 D = Non-vault monster count
 E = Vault monster count
 F = Vault count percentage of total count
                 A         B        C        D         E       F
            +---------+---------+-------+---------+---------+-------
      Total |     156 |       2 |   1.3 |      52 |       1 |   1.9
            +---------+---------+-------+---------+---------+-------
        D:1 |      72 |       2 |   2.7 |      26 |       1 |   3.7
        D:2 |      32 |       0 |   0.0 |      18 |       0 |   0.0
        D:3 |      52 |       0 |   0.0 |       8 |       0 |   0.0
            +---------+---------+-------+---------+---------+-------
